 Dungeon Crawl Stone Soup version 0.22-a0-224-g8cf3520 (webtiles) character file.

11 Amnesiac the Poker (level 2, 0/24 HPs)
             Began as a Demonspawn Monk on Feb 19, 2018.
             Slain by a leopard gecko (4 damage)
             ... on level 2 of the Dungeon.
             The game lasted 00:00:40 (232 turns).

Amnesiac the Poker (Demonspawn Monk)                 Turns: 232, Time: 00:00:41

Health: 0/24       AC:  2    Str: 11    XL:     2   Next: 13%
Magic:  2/2        EV: 15    Int: 11    God:
Gold:   0          SH:  0    Dex: 15    Spells: 1/1 levels left

rFire    . . .     SeeInvis .   a - +0 spear
rCold    . . .     Gourm    .   (no shield)
rNeg     . . .     Faith    .   b - +0 robe
rPois    .         Spirit   .   (no helmet)
rElec    .         Reflect  .   (no cloak)
rCorr    .         Harm     .   (no gloves)
MR       .....                  (no boots)
Stlth    ++........             (no amulet)
HPRegen  0.08/turn              (no ring)
MPRegen  0.08/turn              (no ring)

@: no status effects
A: repulsion field 1
a: no special abilities


You were on level 2 of the Dungeon.
You were not hungry.

You visited 1 branch of the dungeon, and saw 2 of its levels.

Inventory:

Hand Weapons
 a - a +0 spear (weapon)
Armour
 b - a +0 robe (worn)
Comestibles
 c - a ration
 d - 5 chunks of flesh


   Skills:
 - Level 3.0 Fighting
 + Level 3.3 Polearms
 - Level 2.6 Dodging
 - Level 1.7 Stealth


You had one spell level left.
You didn't know any spells.

Dungeon Overview and Level Annotations

Branches:
Dungeon (2/15)

Altars:


Innate Abilities, Weirdness & Mutations

You are surrounded by a mild repulsion field. (EV +2)


Message History

No target in view!
You start resting.
HP restored.
You butcher the jackal corpse.
d - 5 chunks of flesh (gained 1)
You see here a jackal skeleton. x2
Found 26 bolts.
Found a stone staircase leading down.
You found a shaft!
Found 12 bolts.
There is a stone staircase leading down here.
You climb downwards.
An adder, 2 rats, 2 goblins and a gnoll come into view.
The hobgoblin shouts!
Found a scroll labeled ONKEUTOYZE.
There is a stone staircase leading up here.
You hit the rat.
The rat is severely wounded.
A bat comes into view.
You hit the rat.
You kill the rat!
The bat moves out of view.
The goblin moves out of view.
Attack whom?
Press: ? - help, Dir - move target cursor, f - bat
Aim: a bat You reach to attack!
You hit the bat but do no damage. The bat barely misses you.
You hit the bat.
You kill the bat!
A gnoll comes into view. It is wielding a spear.
The gnoll hits you with an enchanted flail.
The goblin hits you.
You climb upwards.
There is a stone staircase leading down here.
The gnoll hits you with an enchanted flail!
Ouch! That really hurt!
* * * LOW HITPOINT WARNING * * *
There is a shaft here.
The goblin falls through a shaft!
The shaft crumbles and collapses.
Evoke which item? (* to show all) (? for menu, Esc to quit)
Okay, then.
You aren't carrying any potions.
You aren't carrying any scrolls.
A leopard gecko comes into view.
The leopard gecko hisses angrily.
Found 16 poisoned needles.
Found a cyan potion and 24 stones.
Found a stone staircase leading down.
The leopard gecko closely misses you.
There is a stone staircase leading down here.
The leopard gecko barely misses you.
You climb downwards.
There is a stone staircase leading up here.
You are too injured to fight recklessly!
You are too injured to fight recklessly!
You are too injured to fight recklessly!
You are too injured to fight recklessly!
You are too injured to fight recklessly!
You hit the leopard gecko.
The leopard gecko is moderately wounded.
The leopard gecko bites you.
* * * LOW HITPOINT WARNING * * *
The leopard gecko bites you.
You die...

#..
####.#
#....#
#....#
#....#
#....#
#..l.#
#...@#
#....#
#....#
#....#
#....#
######


You could see a leopard gecko.

Vanquished Creatures
  A goblin (D:1)
  A hobgoblin (D:1)
  5 jackals (D:1)
  A bat (D:2)
  A rat (D:2)
9 creatures vanquished.

Notes
Turn   | Place    | Note
-------+----------+-------------------------------------------
     0 | D:1      | Amnesiac the Demonspawn Monk began the quest for the Orb.
     0 | D:1      | Reached XP level 1. HP: 18/18 MP: 1/1
    61 | D:1      | Gained mutation: You are surrounded by a mild repulsion field. (EV +2) [demonic ancestry]
    61 | D:1      | Reached XP level 2. HP: 15/24 MP: 2/2
   232 | D:2      | Slain by a leopard gecko

Vault maps used:
D:1:      sevenhm_arrival_forest_fort_small_4, grunt_decor_one_mirror
D:2:      minmay_wonky_spiral, kennysheep_vampire_church, uniq_sigmund

Skill      XL: |  1 |
---------------+----+-----
Polearms       | 3 |  3.3
Fighting       | |  3.0
Dodging        | |  2.6
Stealth        | |  1.7

Action                   || total
-------------------------++-------
Melee: Spear             ||    39
Armor: Robe              ||     4
Dodge: Dodged            ||    21

Table legend:
 A = Spawn XP
 B = Non-spawn XP
 C = Spawn XP percentage of total XP
 D = Spawn monster count
 E = Non-spawn monster count
 F = Spawn count percentage of total count
 G = Total turns spent on level
                    A         B        C        D         E        F      G
               +---------+---------+-------+---------+---------+-------+---------
         Total |       0 |      16 |   0.0 |       0 |       9 |   0.0 |   232
               +---------+---------+-------+---------+---------+-------+---------
           D:1 |       0 |      14 |   0.0 |       0 |       7 |   0.0 |   224
           D:2 |       0 |       2 |   0.0 |       0 |       2 |   0.0 |     8
               +---------+---------+-------+---------+---------+-------+---------
